 Dungeon Crawl Stone Soup version 0.17.1-2-g5865329 (webtiles) character file.

384814 Clownie the Executioner (level 24, -8/196 HPs)
             Began as a Formicid Fighter on Jan 17, 2016.
             Was the Champion of the Shining One.
             Mangled by a golden dragon (19 damage)
             ... on level 5 of the Vaults.
             The game lasted 01:50:32 (39006 turns).

Clownie the Executioner (Formicid Fighter)         Turns: 39006, Time: 01:50:32

Health: -8/196     AC: 29    Str: 29    XL:     24   Next: 5%
Magic:  38/41      EV: 16    Int: 12    God:    the Shining One [******]
Gold:   2024       SH: 34    Dex: 16    Spells: 0 memorised, 23 levels left

rFire  + + .     SeeInvis +     b - +9 executioner's axe (flame)
rCold  + . .     Clarity  .     R - +0 plate armour "Bametuy" {rElec rF+ MP+9 Dex+2}
rNeg   + + +     SustAt   .     z - +0 large shield
rPois  +         Gourm    .     (helmet unavailable)
rElec  +         Spirit   .     k - +1 cloak {rPois}
rCorr  .         Warding  .     B - +1 pair of gloves
rMut   .         Stasis   +     x - +1 pair of boots {run}
MR     ++...                    d - amulet of regeneration
Stlth  ..........               r - ring of Noon {rF+ AC+3 Stlth+}
                                c - ring of Shaolin {EV+8}

@: divine shield, glowing, quick, very resistant to hostile enchantments,
extremely unstealthy
A: permanent stasis, dig shafts and tunnels, four strong arms, antennae 3, large
bone plates 1, agile 2, breathe flames 1, cold resistance 1, regeneration 1,
evolution 2, subdued magic 1
a: Dig, Shaft Self, Divine Shield, Cleansing Flame, Summon Divine Warrior, Brand
Weapon With Holy Wrath, Renounce Religion, Breathe Fire
}: 2/15 runes: decaying, serpentine


You were on level 5 of the Vaults.
You worshipped the Shining One.
The Shining One was exalted by your worship.
You were not hungry.

You visited 8 branches of the dungeon, and saw 45 of its levels.
You visited the Abyss 1 time.
You also visited: Ossuary, Bailey, Ice Cave, Volcano and Wizlab.

You collected 5609 gold pieces.
You spent 3585 gold pieces at shops.

Inventory:

Hand Weapons
 b - a +9 executioner's axe of flaming (weapon)
Armour
 k - a +1 cloak of poison resistance (worn)
 x - a +1 pair of boots of running (worn)
 z - a +0 large shield (worn)
 B - a +1 pair of gloves (worn)
 R - the +0 plate armour "Bametuy" (worn) {rElec rF+ MP+9 Dex+2}
   (You found it on level 10 of the Dungeon)

   It affects your dexterity (+2).
   It protects you from fire.
   It insulates you from electricity.
   It affects your magic capacity (+9).
Jewellery
 c - the ring of Shaolin (left hand) {EV+8}
   (You took it off a deep elf annihilator on level 3 of the Elven Halls)

   [ring of evasion]

   It affects your evasion (+8).
 d - an amulet of regeneration (around neck)
 i - an uncursed amulet of resist mutation
 j - an uncursed amulet of clarity
 q - an uncursed amulet of resist corrosion
 r - the ring of Noon (right hand) {rF+ AC+3 Stlth+}
   (You found it on level 3 of the Elven Halls)

   [ring of protection]

   It affects your AC (+3).
   It protects you from fire.
   It makes you more stealthy.
 C - the ring "Akhegez" {rPois rC++ rN+}
   (You bought it in a shop on level 2 of the Orcish Mines)

   [ring of poison resistance]

   It greatly protects you from cold.
   It protects you from poison.
   It protects you from negative energy.
 J - an uncursed ring of protection from magic
 P - an uncursed amulet of warding
 S - an uncursed ring of sustain attributes
Wands
 a - a wand of lightning (11)
 l - a wand of heal wounds (0)
 n - a wand of paralysis (9)
 u - a wand of fireball (3)
 v - a wand of disintegration (9)
 y - a wand of heal wounds (7)
 I - a wand of lightning (8)
 K - a wand of polymorph (10)
 U - a wand of cold (7)
Scrolls
 f - 17 scrolls of remove curse
 g - 7 scrolls of immolation
 s - 11 scrolls of enchant armour
 w - 2 scrolls of enchant weapon
 D - 4 scrolls of fog
 H - a scroll of fear
 L - 2 scrolls of brand weapon
 O - 5 scrolls of summoning
 Q - 12 scrolls of identify
 T - 2 scrolls of holy word
 Y - a scroll of silence
 Z - 9 scrolls of magic mapping
Potions
 h - 20 potions of curing
 m - 7 potions of magic
 o - 3 potions of flight
 p - 9 potions of cancellation
 A - 9 potions of agility
 E - 4 potions of heal wounds
 G - 4 potions of resistance
 M - 6 potions of brilliance
 N - 15 potions of might
Miscellaneous
 t - a phial of floods
 F - a fan of gales
 W - a phantom mirror
 X - a lamp of fire
Comestibles
 e - 22 bread rations
 V - a chunk of flesh


   Skills:
 + Level 17.6 Fighting
 * Level 25.4 Axes
 - Level 15.0 Armour
 - Level 19.0 Shields
 - Level 6.0 Invocations
 - Level 12.0 Evocations


You had 23 spell levels left.
You didn't know any spells.

Dungeon Overview and Level Annotations

Branches:
Dungeon (15/15)            Temple (0/1) D:7            Lair (8/8) D:11
  Swamp (4/4) Lair:5        Snake (4/4) Lair:6        Slime (2/6) Lair:8
    Orc (4/4) D:12            Elf (3/3) Orc:3        Vaults (5/5) D:14
  Crypt (0/3) Vaults:3     Depths (0/5) D:15

Altars:
Dithmenos
Gozag
Kikubaaqudgha
Makhleb
Okawaru
Qazlal
Sif Muna
Trog
Xom
Yredelemnul
Zin
The Shining One
Beogh
Jiyva

Shops:
D:6 ?   D:13 [*?   Orc:2 !=   Orc:4 }=*[(   Elf:2 ?   Snake:1 !   Vaults:1 ?
Vaults:3 !


Innate Abilities, Weirdness & Mutations

You are under a permanent stasis effect.
You can dig through walls and to a lower floor.
Your four strong arms can wield two-handed weapons with a shield.
You have a pair of large antennae on your head (SInv).
You are partially covered in large bone plates (AC +2, SH +2).
You are very agile. (Dex +4)
You can breathe flames.
Your flesh is cold resistant.
Your natural rate of healing is unusually fast.
You rapidly evolve.
Your spells are a little easier to cast, but a little less powerful.


Message History

* * * LOW HITPOINT WARNING * * *
You block the golden dragon's attack. The golden dragon claws you.
* * * LOW HITPOINT WARNING * * *
The golden dragon barely misses you.
You hear a shout! x2
A tentacled monstrosity comes into view.
Evoke which item? (* to show all) (? for menu, Esc to quit)
Zapping:
y - a wand of heal wounds (8)
Press: ? - help, Shift-Dir - straight line, f - you You feel much better.
This wand has 7 charges left.
The battlesphere dissipates.
You block the ettin's attack. You block the ettin's attack.
Two crawling corpses merge to form a small abomination.
The shadow dragon bites you!
* * * LOW HITPOINT WARNING * * *
The shadow dragon claws you but does no damage.
The shadow dragon claws you.
* * * LOW HITPOINT WARNING * * *
The golden dragon bites you!!
You die...

#....# #....#
#....#{ #....#
{#....# #....#
{ #Cc..# {
#px..# #@De.#
#DC.X#
#........x3.#
#####..4.....#
............
.............
##############


You could see a shadow dragon, a tentacled monstrosity, a golden dragon, a fire
giant, a yaktaur captain, an ettin, a deep elf high priest, an ironbrand
convoker, a blue devil, a ynoxinul and a small abomination.

Vanquished Creatures
  Boris (Vaults:3)
  Frederick (Vaults:4)
  Norris (Elf:3)
  Jorgrun (Vaults:3)
  A tentacled monstrosity (Vaults:3)
  A Cloud Mage (WizLab)
  Rupert (Lair:4)
  Asterion (Elf:3)
  3 acid blobs
  2 deep elf blademasters
  2 deep elf master archers (Elf:3)
  A sphinx (Vaults:3)
  2 thorn hunters (Swamp:3)
  Gastronok (D:9)
  A storm dragon (Vaults:5)
  A shadow dragon (Vaults:4)
  A tengu reaver (Vaults:4)
  Roxanne (Elf:3)
  7 greater nagas (Snake:4)
  Wiglaf (Snake:2)
  Donald (Vaults:4)
  5 deep elf sorcerers (Elf:3)
  Maud (Orc:4)
  2 frost giants
  Aizul (Swamp:1)
  An orc warlord (Orc:3)
  An angel (D:13)
  7 vault wardens
  13 ironheart preservers
  2 stone giants
  7 deep elf demonologists (Elf:3)
  11 deep elf annihilators
  An ettin (Vaults:5)
  A crystal guardian (Vaults:3)
  4 fire dragons
  4 deep elf death magi (Elf:3)
  5 yaktaur captains
  Erolcha (D:8)
  The ghost of Xenophilius the Grappler, a journeyman TrFi of Cheibriados (D:12)
  28 vault guards
  A minotaur (Elf:3)
  3 ice dragons
  3 deep elf high priests (Elf:3)
  2 rakshasas
  5 great orbs of eyes
  15 naga warriors
  2 catoblepae
  22 hydras
  A ghost crab (Swamp:4)
  Erica (D:8)
  9 centaur warriors
  11 death yaks
  4 alligators
  6 anacondas
  18 dancing weapons
  7 ogre magi
  Urug (D:11)
  2 deep troll shamans (Vaults:3)
  13 naga sharpshooters
  4 salamander mystics
  14 deep elf knights
  11 shock serpents
  A wizard (Vaults:3)
  7 orc high priests (Orc:4)
  2 fire crabs
  2 fire crabs (shapeshifter)
  13 skeletal warriors
  4 unseen horrors
  16 deep trolls
  2 unseen horrors (shapeshifter) (Vaults:3)
  11 deep elf summoners
  3 spriggan druids
  8 naga ritualists
  2 giant orange brains (shapeshifter)
  A lindwurm (Swamp:4)
  12 swamp dragons
  A shambling mangrove (Swamp:4)
  Pikel (D:3)
  19 ironbrand convokers
  5 harpies (Vaults:2)
  9 hill giants
  2 manticores (D:14)
  A hornet (shapeshifter) (Elf:2)
  16 deep elf conjurers
  2 large abominations
  5 mana vipers
  The ghost of Clownie the Blocker, a novice FoFi of the Shining One (D:6)
  3 orc sorcerers
  28 ugly things
  6 vault sentinels
  A hornet (Vaults:2)
  8 griffons
  8 cyclopes
  15 orc knights
  4 elephants (Lair:6)
  19 black mambas
  11 salamanders
  9 guardian serpents
  Joseph (D:9)
  2 ice statues
  2 torpor snails
  17 naga magi
  A gargoyle (D:10)
  A kobold demonologist (Vaults:3)
  22 yaktaurs
  24 spiny frogs
  7 komodo dragons
  5 fire drakes
  16 deep elf priests
  A fire drake (shapeshifter) (D:15)
  A troll (shapeshifter) (Vaults:2)
  22 polar bears
  A merfolk (Elf:3)
  A two-headed ogre (shapeshifter) (Vaults:3)
  7 two-headed ogres
  7 trolls
  6 wind drakes (WizLab)
  A wind drake (shapeshifter) (D:14)
  8 freezing wraiths
  5 giant leeches
  4 boulder beetles
  4 bog bodies
  39 slime creatures
  29 air elementals (WizLab)
  A sphinx simulacrum (Vaults:1)
  A trapdoor spider (shapeshifter) (D:15)
  4 redbacks (Vaults:4)
  6 spriggans
  Sigmund (D:4)
  A tarantella (Vaults:4)
  A centaur simulacrum (D:14)
  49 blink frogs
  A wyvern (D:9)
  2 wraiths
  35 deep elf fighters
  24 deep elf magi
  2 shadows (Swamp:4)
  2 golden eyes (Slime:2)
  A basilisk (Lair:8)
  3 steam dragons
  4 fire bats (D:10)
  A yaktaur simulacrum (Vaults:2)
  8 hippogriffs
  Grum (D:9)
  40 wolves
  25 vampire mosquitoes
  A hungry ghost (D:11)
  71 yaks
  2 hogs (D:11)
  32 swamp worms
  65 nagas
  A hell hound (D:10)
  17 insubstantial wisps
  A soldier ant (D:15)
  8 wargs
  10 porcupines
  6 ice beasts
  13 water moccasins
  2 mottled dragons (Swamp:4)
  An ettin simulacrum (Vaults:1)
  2 phantoms
  11 swamp drakes
  4 sky beasts
  7 black bears
  41 orc warriors
  A necrophage (D:9)
  8 wasps
  32 ogres
  6 boggarts
  19 centaurs
  2 eyes of draining
  41 giant frogs
  10 crocodiles
  7 big kobolds
  4 elf zombies
  2 scorpions (D:9)
  3 wyvern skeletons (D:14)
  4 killer bees (D:9)
  9 wights
  5 electric eels (Lair:8)
  6 crimson imps
  2 small abominations
  2 lava snakes (D:10)
  2 giant frog zombies
  8 jellies
  5 centaur zombies
  7 human zombies
  45 orc priests
  7 centaur skeletons
  7 hounds
  12 iguanas
  3 human skeletons (D:9)
  43 orc wizards
  Jessica (D:12)
  Terence (D:2)
  2 hell rats (Lair:1)
  8 worker ants
  An elf simulacrum (Vaults:2)
  17 sheep
  An ogre zombie (D:9)
  An ogre skeleton (D:9)
  2 hound zombies
  A hound skeleton (D:4)
  2 mummies (Ossuary)
  59 river rats
  13 adders
  A worker ant zombie (D:8)
  5 shadow imps
  A giant eyeball (shapeshifter) (D:15)
  An ooze (D:3)
  2 adder skeletons
  8 worms
  7 giant geckos
  225 orcs
  16 bats
  5 giant cockroaches
  4 goblins
  8 hobgoblins
  16 jackals
  3 quokkas
  A ball python (D:3)
  2 giant newts
  8 hobgoblin zombies (Ossuary)
  4 jackal zombies (Ossuary)
  32 kobolds
  6 kobold zombies (Ossuary)
  11 orc zombies (Ossuary)
  A quokka zombie (D:5)
  17 rats
  2 rat zombies (Ossuary)
  3 briar patches (Swamp:3)
  A bush (Lair:7)
  4 crawling corpses (Elf:3)
  A fire vortex (D:10)
  8 fungi
  15 plants
2112 creatures vanquished.

Vanquished Creatures (others)
  Nikola (Elf:3)
  A tengu reaver (Vaults:5)
  A swamp dragon (Swamp:4)
  A lindwurm (Swamp:4)
  A naga mage (Snake:4)
  A spiny frog (Swamp:4)
  A two-headed ogre (Vaults:2)
  2 deep elf fighters (Elf:3)
  2 wolves (IceCv)
  A steam dragon (Swamp:4)
  A crimson imp (D:4)
  5 sheep (Lair:8)
  A river rat (Lair:8)
  A giant cockroach (D:4)
  2 fire vortices (D:10)
  11 fungi
  8 plants
41 creatures vanquished.

Grand Total: 2153 creatures vanquished

Notes
Turn   | Place    | Note
--------------------------------------------------------------
     0 | D:1      | Clownie the Formicid Fighter began the quest for the Orb.
     0 | D:1      | Reached XP level 1. HP: 18/18 MP: 1/1
   172 | D:1      | Reached XP level 2. HP: 24/24 MP: 2/2
   184 | D:1      | Reached skill level 4 in Shields
   484 | D:1      | Reached XP level 3. HP: 27/29 MP: 3/3
   887 | D:2      | Found a faded altar to an unknown god.
   933 | D:2      | Noticed Terence
   981 | D:2      | Killed Terence
   981 | D:2      | Reached XP level 4. HP: 8/35 MP: 4/4
  1391 | D:2      | Reached skill level 5 in Shields
  1394 | D:2      | Found a shadowy altar of Dithmenos.
  1860 | D:3      | Reached XP level 5. HP: 11/41 MP: 5/5
  1923 | D:3      | Reached XP level 6. HP: 34/47 MP: 6/6
  1932 | D:3      | Reached skill level 6 in Shields
  2463 | D:4      | Noticed Pikel
  2463 | D:4      | Noticed a slave
  2464 | D:4      | Noticed a slave
  2465 | D:4      | Noticed a slave
  2465 | D:4      | Noticed a slave
  2715 | D:3      | Killed Pikel
  2715 | D:3      | Reached skill level 5 in Armour
  2715 | D:3      | Reached skill level 8 in Shields
  2715 | D:3      | Reached XP level 7. HP: 22/52 MP: 7/7
  2715 | D:3      | Reached XP level 8. HP: 24/58 MP: 8/8
  2895 | D:4      | Noticed Sigmund
  2912 | D:4      | Killed Sigmund
  3063 | D:5      | Entered Level 5 of the Dungeon
  3092 | D:5      | Found a glowing silver altar of Zin.
  3095 | D:5      | Found a glowing golden altar of the Shining One.
  3095 | D:5      | Found an opulent altar of Gozag.
  3098 | D:5      | Found a burning altar of Makhleb.
  3104 | D:5      | Became a worshipper of the Shining One
  3268 | D:5      | Found a sand-covered staircase.
  3284 | Ossuary  | Entered an ossuary
  3292 | Ossuary  | Reached skill level 5 in Axes
  3310 | Ossuary  | Reached * piety under the Shining One
  3345 | Ossuary  | Reached ** piety under the Shining One
  3359 | Ossuary  | Reached skill level 9 in Shields
  3405 | Ossuary  | Reached *** piety under the Shining One
  3446 | Ossuary  | Reached XP level 9. HP: 64/64 MP: 9/9
  3783 | D:5      | Found an iron altar of Okawaru.
  4049 | D:6      | Reached skill level 10 in Shields
  4056 | D:6      | Reached **** piety under the Shining One
  4058 | D:6      | Noticed Clownie's ghost (novice FoFi)
  4091 | D:6      | Killed Clownie's ghost
  4229 | D:6      | Found Riaxzemn's Magic Scroll Emporium.
  4243 | D:6      | Bought a scroll of enchant weapon for 90 gold pieces
  4243 | D:6      | Bought a scroll of magic mapping for 42 gold pieces
  4243 | D:6      | Bought a scroll of identify for 24 gold pieces
  4407 | D:6      | Reached skill level 11 in Shields
  4746 | D:6      | Got a crystal mace
  4747 | D:6      | Identified the +5 mace of the Puffball {freeze, rF++ Int+4} (You found it on level 6 of the Dungeon)
  4833 | D:7      | Reached XP level 10. HP: 40/70 MP: 10/10
  5081 | D:7      | Found a staircase to the Ecumenical Temple.
  5283 | D:7      | Found a bloodstained altar of Trog.
  5308 | D:7      | Reached skill level 12 in Shields
  5415 | D:7      | Found a stormy altar of Qazlal.
  5487 | D:8      | Noticed Erica
  5505 | D:8      | Killed Erica
  5823 | D:8      | Noticed a hill giant
  5832 | D:8      | Killed a hill giant
  5832 | D:8      | Reached skill level 13 in Shields
  6104 | D:8      | Noticed Erolcha
  6208 | D:8      | Killed Erolcha
  6208 | D:8      | Reached XP level 11. HP: 27/75 MP: 11/11
  6810 | D:9      | Noticed Grum
  6810 | D:9      | Reached ***** piety under the Shining One
  6833 | D:9      | Killed Grum
  6833 | D:9      | Reached skill level 10 in Armour
  6981 | D:9      | Found an ancient bone altar of Kikubaaqudgha.
  7307 | D:9      | Reached skill level 10 in Axes
  7392 | D:9      | Noticed Joseph
  7407 | D:9      | Killed Joseph
  7408 | D:9      | Noticed a white ugly thing
  7425 | D:9      | Killed a white ugly thing
  7432 | D:9      | Gained mutation: You have a beak for a mouth. [mutagenic meat]
  7433 | D:9      | Gained mutation: You are agile. (Dex +2) [mutagenic meat]
  7435 | D:9      | Gained mutation: You are weak. (Str -2) [mutagenic meat]
  7561 | D:9      | Noticed Gastronok
  7583 | D:9      | Killed Gastronok
  7905 | D:10     | Entered Level 10 of the Dungeon
  8081 | D:10     | Reached XP level 12. HP: 81/81 MP: 12/12
  8292 | D:10     | Identified a +3 rod of destruction (11/11) (You found it on level 10 of the Dungeon)
  8520 | D:10     | Got a steaming plate armour
  8531 | D:10     | Identified the cursed +0 plate armour "Bametuy" {rElec rF+ MP+9 Dex+2} (You found it on level 10 of the Dungeon)
  8785 | D:11     | Identified a scroll of acquirement
  8796 | D:11     | Got an ivory glaive
  8797 | D:11     | Identified the +6 glaive of Valiance {chop, +Blink rF++ Str+2 Dex-4} (You acquired it on level 11 of the Dungeon)
  8900 | D:11     | Found a frozen archway.
  8951 | IceCv    | Entered an ice cave
  9737 | IceCv    | Noticed a death yak
  9760 | IceCv    | Killed a death yak
  9760 | IceCv    | Reached XP level 13. HP: 38/86 MP: 13/13
  9965 | IceCv    | Noticed a frost giant
  9994 | IceCv    | Killed a frost giant
  9994 | IceCv    | Reached skill level 14 in Axes
 10444 | D:11     | Found a huge runed gate.
 10444 | D:11     | Found a huge runed gate.
 10444 | D:11     | Found a huge runed gate.
 10444 | D:11     | Found a huge runed gate.
 10549 | D:11     | Found a staircase to the Lair.
 10670 | D:11     | Noticed Urug
 10682 | D:11     | Killed Urug
 11048 | D:11     | Reached skill level 15 in Axes
 11111 | Lair:1   | Entered Level 1 of the Lair of Beasts
 11220 | Lair:1   | Reached ****** piety under the Shining One
 11784 | Lair:1   | Reached XP level 14. HP: 90/93 MP: 14/14
 12143 | Lair:2   | Found a dark tunnel.
 12196 | Volcano  | Entered a volcano
 12574 | Lair:3   | Got a bloodstained chain mail
 12586 | Lair:3   | Identified the +6 chain mail of the Duke {*Confuse +Blink Str+3 Dex+4} (You found it on level 3 of the Lair of Beasts)
 12670 | Lair:3   | Reached skill level 16 in Axes
 13346 | Lair:4   | Noticed Rupert
 13357 | Lair:4   | Killed Rupert
 14109 | Lair:5   | Found a staircase to the Swamp.
 14484 | Lair:5   | Reached skill level 17 in Axes
 14736 | Lair:6   | Found a staircase to the Snake Pit.
 14921 | Lair:6   | Reached XP level 15. HP: 91/98 MP: 15/15
 15533 | Lair:7   | Reached skill level 15 in Armour
 15982 | Lair:7   | Reached skill level 18 in Axes
 16125 | Lair:8   | Entered Level 8 of the Lair of Beasts
 16133 | Lair:8   | Reached skill level 5 in Fighting
 16201 | Lair:8   | Found a runed door.
 16201 | Lair:8   | Found a viscous altar of Jiyva.
 16204 | Lair:8   | Found a staircase to the Slime Pits.
 16204 | Lair:8   | Noticed an acid blob
 16206 | Lair:8   | Noticed an acid blob
 16239 | Lair:8   | Found a shimmering altar of Xom.
 16671 | Lair:8   | Identified a +1 pair of boots of running (You found it on level 8 of the Lair of Beasts)
 16943 | Lair:8   | Reached XP level 16. HP: 104/115 MP: 16/16
 17239 | Lair:4   | Reached skill level 19 in Axes
 17852 | D:12     | Found a staircase to the Orcish Mines.
 17855 | D:12     | Noticed Xenophilius's ghost (journeyman TrFi)
 17878 | D:12     | Killed Xenophilius's ghost
 18021 | D:12     | Noticed Jessica
 18025 | D:12     | Killed Jessica
 18034 | D:12     | Found a deep blue altar of Sif Muna.
 18283 | D:13     | Found Baymeoc's Magic Scroll Boutique.
 18304 | D:13     | Bought a scroll of identify for 32 gold pieces
 18304 | D:13     | Bought a scroll of identify for 32 gold pieces
 18304 | D:13     | Bought a scroll of identify for 32 gold pieces
 18304 | D:13     | Bought a scroll of brand weapon for 320 gold pieces
 18304 | D:13     | Bought a scroll of identify for 32 gold pieces
 18309 | D:13     | Gained mutation: Your spells are a little easier to cast, but a little less powerful. [potion of mutation]
 18309 | D:13     | Gained mutation: You can spit weak poison. [potion of mutation]
 18309 | D:13     | Gained mutation: Your body sometimes deteriorates upon taking damage. [potion of mutation]
 18368 | D:13     | Found a glowing silver altar of Zin.
 18368 | D:13     | Found a runed door.
 18410 | D:13     | Found Veusew's General Store.
 18419 | D:13     | Bought a scroll of enchant armour for 112 gold pieces
 18419 | D:13     | Bought a potion of flight for 45 gold pieces
 18452 | D:13     | Gained mutation: You evolve. [mutagenic meat]
 18453 | D:13     | Lost mutation: Your body sometimes deteriorates upon taking damage. [mutagenic meat]
 18455 | D:13     | Gained mutation: Your natural rate of healing is unusually fast. [mutagenic meat]
 18539 | D:13     | Found Buarut's Antique Armour Shop.
 18617 | D:13     | Gained mutation: Armour fits poorly on your strangely shaped body. [mutagenic meat]
 18621 | D:13     | Lost mutation: You are weak. (Str -2) [mutagenic meat]
 19373 | D:14     | Reached skill level 20 in Axes
 19432 | D:14     | Found a gate to the Vaults.
 19503 | D:14     | Lost mutation: You have a beak for a mouth. [mutagenic meat]
 19504 | D:14     | Gained mutation: Your body sometimes deteriorates upon taking damage. [mutagenic meat]
 19505 | D:14     | Gained mutation: You are very agile. (Dex +4) [mutagenic meat]
 19506 | D:14     | Lost mutation: You evolve. [mutagenic meat]
 19717 | D:15     | Entered Level 15 of the Dungeon
 20026 | D:15     | Reached XP level 17. HP: 118/127 MP: 17/17
 20308 | D:15     | Reached skill level 10 in Fighting
 20331 | D:15     | Lost mutation: Your body sometimes deteriorates upon taking damage. [mutagenic meat]
 20332 | D:15     | Gained mutation: You evolve. [mutagenic meat]
 20368 | D:15     | Lost mutation: You can spit weak poison. [mutagenic meat]
 20371 | D:15     | Found a staircase to the Depths.
 20760 | Orc:1    | Entered Level 1 of the Orcish Mines
 20765 | Orc:1    | Found a roughly hewn altar of Beogh.
 20987 | Orc:2    | Found Lykeg's Jewellery Shop.
 20995 | Orc:2    | Bought the ring "Akhegez" {rPois rC++ rN+} for 730 gold pieces
 20995 | Orc:2    | Bought a cursed ring of loudness for 67 gold pieces
 20995 | Orc:2    | Bought a cursed -3 ring of intelligence for 30 gold pieces
 21162 | Orc:2    | Found Unkoseij's Distillery.
 21204 | Orc:2    | Bought a potion of curing for 36 gold pieces
 21204 | Orc:2    | Bought a potion of might for 48 gold pieces
 21204 | Orc:2    | Bought a potion of curing for 36 gold pieces
 21204 | Orc:2    | Bought a potion of heal wounds for 60 gold pieces
 21204 | Orc:2    | Bought a potion of might for 48 gold pieces
 21204 | Orc:2    | Bought a potion of might for 48 gold pieces
 21204 | Orc:2    | Bought 2 potions of curing for 72 gold pieces
 21293 | Orc:2    | Lost mutation: Armour fits poorly on your strangely shaped body. [evolution]
 21593 | Orc:3    | Found a staircase to the Elven Halls.
 21722 | Orc:3    | Found a flagged portal.
 21733 | Bailey   | Entered a bailey
 21884 | Bailey   | Gained mutation: Your flesh is cold resistant. [potion of beneficial mutation]
 22563 | Orc:4    | Entered Level 4 of the Orcish Mines
 22597 | Orc:4    | Noticed Maud
 22611 | Orc:4    | Killed Maud
 22847 | Orc:4    | Found Muusent's Jewellery Emporium.
 22849 | Orc:4    | Found Esathaf's Gadget Boutique.
 22942 | Orc:4    | Found a roughly hewn altar of Beogh.
 22975 | Orc:4    | Found Goytosed's Armour Emporium.
 22975 | Orc:4    | Found Wuxeicim's Assorted Antiques.
 23058 | Orc:4    | Bought an uncursed amulet of resist corrosion for 240 gold pieces
 23096 | Orc:4    | Found Vocaewuo's Antique Weapon Shoppe.
 23495 | Elf:1    | Entered Level 1 of the Elven Halls
 23587 | Elf:1    | Reached skill level 21 in Axes
 24589 | Elf:2    | Found Ikuemapp's Magic Scroll Emporium.
 24987 | Elf:2    | Reached XP level 18. HP: 139/139 MP: 18/18
 24990 | Elf:2    | Found a huge runed gate.
 24990 | Elf:2    | Found a huge runed gate.
 24990 | Elf:2    | Found a huge runed gate.
 24990 | Elf:2    | Found a huge runed gate.
 24991 | Elf:2    | Found a huge runed gate.
 25116 | Elf:2    | Cast into the Abyss (mace of distortion)
 25148 | Abyss:1  | HP: 4/140 [naga/splash of poison (4)]
 25162 | Elf:2    | Escaped the Abyss
 25166 | Elf:2    | HP: 6/140 [double sword of venom (17)]
 25362 | Elf:2    | HP: 6/140 [executioner's axe of holy wrath (21)]
 25632 | Elf:2    | Noticed a deep elf blademaster
 25641 | Elf:2    | Killed a deep elf blademaster
 25733 | Elf:2    | Gained mutation: You are partially covered in large bone plates (AC +2, SH +2). [evolution]
 25892 | Elf:3    | Entered Level 3 of the Elven Halls
 25892 | Elf:3    | Noticed Norris
 25914 | Elf:3    | Killed Norris
 25914 | Elf:3    | Reached skill level 22 in Axes
 26030 | Elf:3    | Reached skill level 1 in Evocations
 26197 | Elf:3    | Noticed Nikola
 26197 | Elf:3    | Noticed Roxanne
 26207 | Elf:3    | Noticed Asterion
 26223 | Elf:3    | Killed Asterion
 26236 | Elf:3    | Reached skill level 5 in Evocations
 26269 | Elf:3    | Killed Nikola
 26382 | Elf:3    | Reached XP level 19. HP: 80/147 MP: 25/25
 26441 | Elf:3    | Killed Roxanne
 26447 | Elf:3    | Reached skill level 10 in Evocations
 26687 | Elf:3    | Gained mutation: You rapidly evolve. [evolution]
 27084 | Elf:3    | Got a crude ivory ring
 27086 | Elf:3    | Identified the ring "Totumm" {rPois Str+3 Int+3} (You took it off a deep elf demonologist on level 3 of the Elven Halls)
 27248 | Elf:3    | Got a vibrating bronze ring
 27250 | Elf:3    | Identified the ring of Noon {rF+ AC+3 Stlth+} (You found it on level 3 of the Elven Halls)
 27665 | Swamp:1  | Entered Level 1 of the Swamp
 27783 | Swamp:1  | Reached skill level 1 in Invocations
 27799 | Swamp:1  | Noticed Aizul
 27814 | Swamp:1  | Killed Aizul
 28502 | Swamp:2  | Reached skill level 5 in Invocations
 29325 | Swamp:3  | Gained mutation: You are dopey. (Int -2) [evolution]
 29518 | Swamp:4  | Entered Level 4 of the Swamp
 29684 | Swamp:4  | Reached XP level 20. HP: 134/156 MP: 29/29
 29856 | Swamp:4  | Got a decaying rune of Zot
 30066 | Snake:1  | Entered Level 1 of the Snake Pit
 30071 | Snake:1  | Found Ocvinops's Distillery.
 30079 | Snake:1  | Bought a potion of curing for 48 gold pieces
 31203 | Snake:2  | Reached skill level 23 in Axes
 31330 | Snake:2  | Noticed Wiglaf
 31341 | Snake:2  | Killed Wiglaf
 31961 | Snake:4  | Entered Level 4 of the Snake Pit
 32102 | Snake:4  | Reached skill level 15 in Fighting
 32142 | Snake:4  | Lost mutation: You are dopey. (Int -2) [evolution]
 32168 | Snake:4  | Reached XP level 21. HP: 95/168 MP: 30/30
 32253 | Snake:4  | Reached skill level 15 in Shields
 32698 | Snake:4  | Got a serpentine rune of Zot
 33564 | Lair:8   | Killed an acid blob
 33570 | Lair:8   | Killed an acid blob
 33674 | Slime:1  | Entered Level 1 of the Pits of Slime
 34087 | Vaults:1 | Entered Level 1 of the Vaults
 34128 | Vaults:1 | Was placed under penance by the Shining One
 34311 | Vaults:1 | Was forgiven by the Shining One
 34370 | Vaults:1 | Found Vima's Magic Scroll Shoppe.
 34385 | Vaults:1 | Bought a scroll of acquirement for 832 gold pieces
 34726 | Vaults:1 | Reached XP level 22. HP: 166/175 MP: 31/31
 35120 | Vaults:2 | Gained mutation: You can breathe flames. [evolution]
 36181 | Vaults:3 | Found a staircase to the Crypt.
 36181 | Vaults:3 | Found a basalt altar of Yredelemnul.
 36182 | Vaults:3 | Found an ancient bone altar of Kikubaaqudgha.
 36335 | Vaults:3 | Got an encrusted cloak
 36346 | Vaults:3 | Identified the +0 cloak "Redwir" {rF- rN+ SInv} (You found it on level 3 of the Vaults)
 36608 | Vaults:3 | Noticed Jorgrun
 36617 | Vaults:3 | Killed Jorgrun
 36617 | Vaults:3 | Reached skill level 24 in Axes
 36759 | Vaults:3 | Noticed Boris
 36775 | Vaults:3 | Killed Boris
 36785 | Vaults:3 | Found Veurak's Distillery.
 36793 | Vaults:3 | Bought 2 potions of curing for 138 gold pieces
 36793 | Vaults:3 | Bought 2 potions of curing for 138 gold pieces
 36793 | Vaults:3 | Bought a potion of agility for 92 gold pieces
 36793 | Vaults:3 | Bought a potion of might for 92 gold pieces
 36793 | Vaults:3 | Bought a potion of curing for 69 gold pieces
 36878 | Vaults:3 | Reached XP level 23. HP: 176/185 MP: 32/32
 37492 | Vaults:4 | Found a magical portal.
 37521 | WizLab   | Entered The Chambers of Dalopp the Cloud Mage
 38246 | Vaults:4 | Noticed Donald
 38262 | Vaults:4 | Killed Donald
 38479 | Vaults:4 | Noticed Frederick
 38497 | Vaults:4 | Killed Frederick
 38797 | Vaults:4 | Reached skill level 25 in Axes
 38903 | Vaults:5 | Entered Level 5 of the Vaults
 38996 | Vaults:5 | Reached XP level 24. HP: 192/195 MP: 32/32
 39005 | Vaults:5 | HP: 6/196 [yaktaur captain/bolt (4)]
 39005 | Vaults:5 | HP: 2/196 [golden dragon (4)]
 39006 | Vaults:5 | Mangled by a golden dragon

Action                   |  1- 3 |  4- 6 |  7- 9 | 10-12 | 13-15 | 16-18 | 19-21 | 22-24 || total
-------------------------+-------+-------+-------+-------+-------+-------+-------+-------++-------
Melee: War axe           |    79 |   231 |   338 |   852 |    69 |       |       |       ||  1569
       Whip              |       |       |    11 |       |       |       |       |       ||    11
       Mace              |       |       |       |    16 |    31 |       |       |       ||    47
       Glaive            |       |       |       |    24 |       |       |       |       ||    24
       Battleaxe         |       |       |       |       |   915 |  1103 |       |       ||  2018
       Broad axe         |       |       |       |       |       |    15 |       |       ||    15
       Executioner's axe |       |       |       |       |       |   167 |  1083 |   648 ||  1898
Throw: Throwing net      |     1 |       |       |       |       |       |       |       ||     1
Invok: Divine Shield     |       |       |       |       |     2 |     2 |     3 |     4 ||    11
 Abil: Dig               |       |     4 |     2 |     7 |     8 |     9 |     6 |     1 ||    37
Evoke: Wand              |       |     1 |     2 |     1 |     9 |    12 |     5 |     4 ||    34
       Deck              |       |       |       |       |       |       |     6 |       ||     6
  Use: Potion            |     1 |       |     2 |     6 |     5 |    14 |     1 |       ||    29
       Scroll            |       |       |     7 |     9 |    16 |    21 |     4 |     2 ||    59
 Stab: Petrifying        |       |       |       |       |       |     1 |       |       ||     1
  Eat: Chunk             |       |     7 |     5 |    26 |    33 |    55 |    19 |    12 ||   157
       Royal jelly       |       |       |     1 |     1 |       |       |     2 |       ||     4
       Bread ration      |       |       |     1 |       |       |       |       |     1 ||     2
       Pizza             |       |       |       |       |       |       |     4 |       ||     4
       Beef jerky        |       |       |       |       |       |       |     3 |       ||     3
